 Dungeon Crawl Stone Soup version 0.25.1-2-g60ff931df9 (webtiles) character file.

Game seed: 402223647577285891

49 Impeuri the Firebug (level 3, -1/19 HPs)
             Began as a Gargoyle Fire Elementalist on Aug 29, 2020.
             Slain by a gnoll
             ... wielding a +0 spear
              (10 damage)
             ... on level 2 of the Dungeon.
             The game lasted 00:04:35 (1193 turns).

Impeuri the Firebug (Gargoyle Fire Elementalist)    Turns: 1193, Time: 00:04:35

Health: -1/19      AC:  6    Str: 11    XL:     3   Next: 75%
Magic:  0/6        EV: 12    Int: 16    God:
Gold:   36         SH:  0    Dex: 10    Spells: 5/6 levels left

rFire    . . .     SeeInvis .   j - +0 dagger
rCold    . . .     Gourm    .   (no shield)
rNeg     + . .     Faith    .   a - +0 robe
rPois    ∞         Spirit   .   (no helmet)
rElec    +         Reflect  .   (no cloak)
rCorr    .         Harm     .   n - +0 pair of gloves
MR       .....                  (no boots)
Stlth    ++........             (no amulet)
HPRegen  0.06/turn              (no ring)
MPRegen  0.10/turn              (no ring)

@: very slightly contaminated
A: negative energy resistance 1, electricity resistance, unbreathing,
petrification resistance, rot immunity, AC +3
a: no special abilities


You were on level 2 of the Dungeon.
You were hungry.

You visited 1 branch of the dungeon, and saw 2 of its levels.

You collected 36 gold pieces.

Inventory:

Hand Weapons
 j - a +0 dagger (weapon)
Missiles
 o - 17 poisoned darts (quivered)
Armour
 a - a +0 robe (worn)
 n - a +0 pair of gloves (worn)
Jewellery
 k - an uncursed amulet of regeneration {unknown}
Scrolls
 e - a scroll of enchant weapon {unknown}
 g - 2 scrolls of fear {unknown}
 l - a scroll of remove curse {unknown}
 m - a scroll of teleportation {unknown}
Potions
 b - a potion of degeneration {unknown}
 d - a potion of brilliance {unknown}
 f - a potion of invisibility {unknown}
 i - a potion of heal wounds {unknown}
Comestibles
 c - 3 rations
 h - 2 chunks of flesh


   Skills:
 - Level 1.5 Dodging
 - Level 2.1 Stealth
 + Level 2.4 Spellcasting
 * Level 2.4 Conjurations
 * Level 3.7 Fire Magic


You had 5 spell levels left.
You knew the following spells:

 Your Spells              Type           Power        Failure   Level  Hunger
a - Foxfire               Conj/Fire      ##..         5%          1    #......

Your spell library contained the following spells:

 Spells                   Type           Power        Failure   Level  Hunger
 Conjure Flame            Conj/Fire      ##......     17%         3    ###....
 Inner Flame              Hex/Fire       #.......     28%         3    ###....
 Sticky Flame             Conj/Fire      ##......     50%         4    #####..
 Fireball                 Conj/Fire      ##........   83%         5    ######.


Dungeon Overview and Level Annotations

Branches:
Dungeon (2/15)

Altars:


Innate Abilities, Weirdness & Mutations

You are resistant to torment.
Your stone body is resilient. (AC +3)
You are immune to poison.
You resist negative energy. (rN+)
You are resistant to electric shocks. (rElec)
You can survive without breathing.
You are immune to petrification.
You are immune to rotting.


Message History

Confirm with . or Enter, or press ? or * to list all spells.
You miscast Foxfire.
Nothing appears to happen.
Found a gold piece.
Casting: Foxfire (safe; 5% risk of failure)
Confirm with . or Enter, or press ? or * to list all spells.
You conjure some foxfire!
Some of the chunks of flesh in your inventory have rotted away.
Things that are here:
a +0 halberd; a gnoll corpse
Casting: Foxfire (safe; 5% risk of failure)
Confirm with . or Enter, or press ? or * to list all spells.
You conjure some foxfire!
Your foxfire dissipates!
The foxfire hits the gnoll but does no damage.
Casting: Foxfire (safe; 5% risk of failure)
Confirm with . or Enter, or press ? or * to list all spells.
You conjure some foxfire!
The gnoll hits you from afar with a +0 spear!
Ouch! That really hurt!
You die...

# #...##.# #.##..##.#
#......g.#
####.#############
#)# #......<.# #.#
#.######.# #.# #.#
#.###
###.####.######...#
#..........gv@v.#.#
#.#.####.######......
#...># #.# #..####
#.....##.. ...#
#....###### ##.#
..#.## .. ####.# #.#
#+#


You could see a gnoll.

Vanquished Creatures
  A gnoll (D:2)
  2 leopard geckos (D:1)
  7 bats (D:1)
  A giant cockroach (D:1)
  3 goblins (D:1)
  6 hobgoblins
  5 kobolds (D:1)
  A ball python (D:1)
  2 frilled lizards (D:1)
  7 rats (D:1)
35 creatures vanquished.

Vanquished Creatures (others)
  73 foxfires
73 creatures vanquished.

Grand Total: 108 creatures vanquished

Notes
Turn   | Place    | Note
-------+----------+-------------------------------------------
     0 | D:1      | Impeuri the Gargoyle Fire Elementalist began the quest for
                  | the Orb.
     0 | D:1      | Reached XP level 1. HP: 10/10 MP: 3/3
   230 | D:1      | Reached XP level 2. HP: 8/15 MP: 3/5
   612 | D:1      | Reached XP level 3. HP: 19/19 MP: 2/6
  1193 | D:2      | Slain by a gnoll

Illustrated notes

Levels and vault maps discovered:
D:1:      shiori_arrival_maze, layout_rooms, minmay_unequal
D:2:      layout_loops_corners, yredelemnul_forgotten_temple_becter, hex_medium,
          minmay_heptomino_w4

Skill      XL: |  1  2 |
---------------+-------+-----
Conjurations   | 2 |  2.4
Dodging        | |  1.5
Stealth        | |  2.1
Spellcasting   | |  2.4
Fire Magic     | |  3.7

Action                   || total
-------------------------++-------
Melee: Unarmed           ||    32
       Dagger            ||    15
 Cast: Foxfire           ||    51
 Stab: Sleeping          ||     1
  Eat: Chunk             ||     1
Armor: Robe              ||    20
Dodge: Dodged            ||    38
